 Dungeon Crawl Stone Soup version 0.23.0-3-gf3c87f2 (webtiles) character file.

Game seed: 6512817681322777982

7574 Kairos the Cleaver (level 11, -7/85 HPs)
             Began as a Formicid Abyssal Knight on Feb 22, 2019.
             Was a High Priest of Lugonu.
             Mangled by a two-headed ogre
             ... wielding a +0 giant club
              (16 damage)
             ... on level 11 of the Dungeon.
             The game lasted 00:20:50 (10596 turns).

Kairos the Cleaver (Formicid Abyssal Knight)       Turns: 10596, Time: 00:20:51

Health: -7/85      AC: 14    Str: 19    XL:     11   Next: 39%
Magic:  6/6        EV:  9    Int: 13    God:    Lugonu [*****.]
Gold:   479        SH:  7    Dex: 15    Spells: 20/20 levels left

rFire    x . .     SeeInvis +   K - +4 war axe (antimagic)
rCold    + . .     Gourm    .   I - +2 buckler
rNeg     . . .     Faith    .   B - +0 chain mail
rPois    .         Spirit   .   (helmet unavailable)
rElec    .         Reflect  .   (no cloak)
rCorr    .         Harm     +   j - +0 pair of gloves
MR       +....                  H - +1 pair of boots
Stlth    ..........             m - amulet of harm
HPRegen  0.24/turn              q - ring of ice
MPRegen  0.10/turn              i - +5 ring of dexterity

@: no status effects
A: permanent stasis, dig shafts and tunnels, four strong arms, antennae 3
a: Dig, Shaft Self, Depart the Abyss, Bend Space, Banish, Corrupt, Enter the
Abyss, Renounce Religion


You were on level 11 of the Dungeon.
You worshipped Lugonu.
Lugonu was extremely pleased with you.
You were very hungry.

You visited 3 branches of the dungeon, and saw 13 of its levels.
You visited the Abyss 1 time.

You collected 479 gold pieces.

Inventory:

Hand Weapons
 a - a +1 hand axe
 o - a +0 hunting sling
 K - a +4 antimagic war axe (weapon)
Missiles
 p - 70 sling bullets
 D - 25 tomahawks (quivered)
Armour
 j - a +0 pair of gloves (worn)
 B - a +0 chain mail (worn)
 H - a +1 pair of boots (worn)
 I - a +2 buckler (worn)
Jewellery
 i - a +5 ring of dexterity (right hand)
 m - an amulet of harm (around neck)
 q - a ring of ice (left hand)
 A - an uncursed ring of flight
Wands
 d - a wand of iceblast (5)
 x - a wand of acid (15)
 z - a wand of digging (4)
 F - a wand of scattershot (7)
 M - a wand of enslavement (10)
Scrolls
 b - a scroll of brand weapon {unknown}
 g - a scroll of acquirement {unknown}
 h - a scroll of fog {unknown}
 l - 5 scrolls of remove curse
 s - a scroll of enchant weapon
 v - a scroll of amnesia {unknown}
 y - a scroll of vulnerability {unknown}
 E - a scroll of fear
 J - a scroll of magic mapping
 L - a scroll of enchant armour
Potions
 e - 8 potions of curing
 f - 2 potions of lignification {unknown}
 k - 2 potions of ambrosia {unknown}
 n - 4 potions of agility {unknown}
 r - a potion of flight {unknown}
 t - 3 potions of berserk rage {unknown}
 u - 6 potions of heal wounds {unknown}
 w - a potion of haste
 G - a potion of degeneration {unknown}
 O - 2 potions of invisibility {unknown}
 P - a potion of brilliance {unknown}
 Q - 2 potions of magic {unknown}
Comestibles
 c - 28 rations


   Skills:
 + Level 7.6 Fighting
 + Level 10.7 Axes
 + Level 7.4 Armour
 + Level 3.2 Dodging
 + Level 2.2 Stealth
 + Level 5.4 Shields
 * Level 5.4 Spellcasting
 * Level 5.9 Invocations
 + Level 0.9 Evocations


You had 20 spell levels left.
You didn't know any spells.
Your spell library contained the following spells:

 Spells                   Type           Power        Failure   Level  Hunger
 Animate Skeleton         Necr           N/A          85%         1    None
 Apportation              Tloc           #.....       85%         1    None
 Beastly Appendage        Tmut           #.....       85%         1    None
 Confusing Touch          Hex            #.....       85%         1    None
 Summon Butterflies       Summ           #.......     85%         1    None
 Summon Small Mammal      Summ           #...         85%         1    None
 Sticks to Snakes         Tmut           #.......     94%         2    ##.....
 Lesser Beckoning         Tloc           #.........   99%         3    ###....
 Spider Form              Tmut/Pois      #.........   99%         3    ###....
 Tukima's Dance           Hex            #.......     99%         3    ###....
 Ice Form                 Ice/Tmut       #.......     100%        4    ####...
 Alistair's Intoxication  Tmut/Pois      #.......     100%        5    ######.
 Blade Hands              Tmut           #.........   100%        5    ######.
 Invisibility             Hex            #.......     100%        6    #######


Dungeon Overview and Level Annotations

Branches:
Dungeon (11/15)            Temple (1/1) D:4            Lair (1/6) D:8
    Orc: D:9-12

Altars:
Ashenzari
Cheibriados
Dithmenos
Elyvilon
Fedhas
Gozag
Hepliaklqana
Kikubaaqudgha
Makhleb
Nemelex Xobeh
Okawaru
Qazlal
Ru
Sif Muna
Trog
Uskayaw
Vehumet
Wu Jian
Xom
Yredelemnul
Zin
The Shining One

Shops:
D:6 :

Portals:
Trove: D:10 (give +2 storm dragon scales)

Annotations:
D:8 2 transporters, Nr616's ghost, novice MiGl
D:9 1 runed translucent door, Uhlv's ghost, novice HuBe
Abyss:1 Harold


Innate Abilities, Weirdness & Mutations

You cannot be hasted, slowed, berserked, paralysed or teleported.
You can dig through walls and to a lower floor.
Your four strong arms can wield two-handed weapons with a shield.
You have a pair of large antennae on your head. (SInv)


Message History

The two-headed ogre is heavily wounded.
You slash the yak! You hit the yak.
The two-headed ogre hits you with a +0 giant club!
The two-headed ogre hits you with a +0 great mace.
The yak gores you!
* * * LOW HITPOINT WARNING * * *
The yak gores you.
* * * LOW HITPOINT WARNING * * *
Unknown command.
You are too injured to fight recklessly!
You hit the two-headed ogre.
The two-headed ogre is severely wounded.
You barely miss the yak. You hit the yak. The yak gores you.
* * * LOW HITPOINT WARNING * * *
You block the two-headed ogre's attack.
The two-headed ogre hits you with a +0 great mace.
* * * LOW HITPOINT WARNING * * *
You block the yak's attack.
The two-headed ogre hits you with a +0 giant club!
You die...

#### { #.. ...
##.########
..........
######.#......
#.........#
#....YOY..# {
#.....@...#
#.........#
#.........#
#.........#
+......#+##
#####.....##
#..........#
#.#..<.....#
##########


You could see a two-headed ogre and 2 yaks.

Vanquished Creatures
  A two-headed ogre (D:8)
  A gargoyle (D:10)
  Grinder (D:5)
  Sigmund (D:4)
  2 hippogriffs
  2 wraiths (D:10)
  2 yaks
  Menkaure (D:5)
  A porcupine (D:8)
  3 orc warriors (D:8)
  5 ice beasts
  A phantom (D:5)
  A sky beast (D:9)
  3 black bears (D:8)
  2 ogres
  4 centaurs
  A crocodile (D:8)
  2 big kobolds
  5 bullfrogs
  A gnoll sergeant (D:8)
  5 scorpions
  6 killer bees (D:9)
  2 howler monkeys
  7 crimson imps
  4 jellies (D:10)
  8 hounds
  3 orc priests
  A bullfrog skeleton (D:6)
  A centaur skeleton (D:6)
  4 iguanas
  8 orc wizards
  4 worker ants
  A hound zombie (D:10)
  Robin (D:2)
  13 adders
  13 gnolls
  A shadow imp (D:5)
  8 oozes
  2 adder zombies
  4 worms
  An adder skeleton (D:5)
  A dart slug (D:1)
  5 leopard geckos
  37 orcs
  10 bats
  3 giant cockroaches
  15 goblins
  8 hobgoblins
  3 jackals (D:7)
  16 kobolds
  A quokka (D:4)
  4 ball pythons
  4 frilled lizards
  A leopard gecko zombie (D:5)
  A quokka zombie (D:5)
  3 rats
  A spectral orc (D:6)
250 creatures vanquished.

Vanquished Creatures (collateral kills)
  A centaur skeleton (D:11)
  An adder zombie (D:8)
2 creatures vanquished.

Vanquished Creatures (others)
  A yak (D:8)
  45 fungi (D:8)
  21 plants (D:8)
  2 starspawn tentacles (Abyss:5)
69 creatures vanquished.

Grand Total: 321 creatures vanquished

Notes
Turn   | Place    | Note
-------+----------+-------------------------------------------
     0 | Abyss:1  | Kairos the Formicid Abyssal Knight began the quest for the
                  | Orb.
     0 | Abyss:1  | Reached XP level 1. HP: 18/18 MP: 2/2
   143 | Abyss:3  | Noticed a chaos spawn
   156 | Abyss:4  | Found a corrupted altar of Lugonu.
   181 | Abyss:4  | Noticed a large abomination
   185 | Abyss:4  | Noticed a small abomination
   200 | Abyss:5  | Entered Level 5 of the Abyss
   230 | Abyss:5  | Noticed a tentacled starspawn
   249 | Abyss:5  | Noticed a thrashing horror
   252 | Abyss:5  | Noticed a thrashing horror
   254 | D:1      | Escaped the Abyss
   398 | D:1      | Reached XP level 2. HP: 22/25 MP: 3/3
   434 | D:1      | Reached * piety under Lugonu
   587 | D:1      | Reached XP level 3. HP: 21/30 MP: 4/4
   754 | D:1      | Reached skill level 1 in Dodging
   967 | D:2      | Reached skill level 3 in Axes
   967 | D:2      | Reached XP level 4. HP: 14/37 MP: 5/5
  1198 | D:2      | Reached ** piety under Lugonu
  1314 | D:2      | Reached XP level 5. HP: 38/42 MP: 6/6
  1593 | D:2      | Noticed Robin
  1601 | D:2      | Killed Robin
  1638 | D:2      | Reached skill level 4 in Axes
  1728 | D:3      | Found a glowing golden altar of the Shining One.
  2268 | D:3      | Noticed an ice beast
  2284 | D:3      | Killed an ice beast
  2284 | D:3      | Reached XP level 6. HP: 10/48 MP: 7/7
  2764 | D:3      | Found a shadowy altar of Dithmenos.
  2764 | D:3      | Found a sparkling altar of Nemelex Xobeh.
  3309 | D:4      | Found a staircase to the Ecumenical Temple.
  3344 | Temple   | Entered the Ecumenical Temple
  3567 | D:4      | Noticed Sigmund
  3591 | D:4      | Killed Sigmund
  3591 | D:4      | Reached skill level 5 in Axes
  3591 | D:4      | Reached XP level 7. HP: 51/55 MP: 8/8
  3773 | D:5      | Entered Level 5 of the Dungeon
  3790 | D:5      | Reached skill level 1 in Stealth
  3809 | D:5      | Reached skill level 6 in Axes
  3809 | D:5      | Reached *** piety under Lugonu
  4065 | D:5      | Reached XP level 8. HP: 29/61 MP: 3/9
  4422 | D:5      | Reached skill level 5 in Fighting
  4433 | D:5      | Noticed Menkaure
  4440 | D:5      | Killed Menkaure
  4867 | D:5      | Reached skill level 7 in Axes
  5017 | D:5      | Reached skill level 5 in Armour
  5017 | D:5      | Reached skill level 1 in Shields
  5106 | D:5      | Noticed Grinder
  5115 | D:5      | Killed Grinder
  5146 | D:5      | Reached XP level 9. HP: 42/68 MP: 3/10
  5155 | D:5      | Reached skill level 8 in Axes
  5423 | D:6      | Found a shadowy altar of Dithmenos.
  5548 | D:6      | Reached skill level 1 in Spellcasting
  5554 | D:6      | Found a basalt altar of Yredelemnul.
  5664 | D:6      | Found Uninayr's Book Emporium.
  6037 | D:7      | Reached **** piety under Lugonu
  6457 | D:7      | Found a burning altar of Makhleb.
  6808 | D:8      | Noticed a hippogriff
  6838 | D:7      | Killed a hippogriff
  6838 | D:7      | Reached skill level 9 in Axes
  7498 | D:8      | Noticed a two-headed ogre
  7524 | D:8      | Killed a two-headed ogre
  7524 | D:8      | Reached XP level 10. HP: 35/77 MP: 4/14
  7594 | D:8      | Found a staircase to the Lair.
  7596 | D:8      | Noticed Harold
  8105 | D:8      | Banished Harold
  8107 | D:8      | HP: 1/77 [ogre/+0 giant spiked club (14)]
  8683 | D:8      | Found a transporter.
  8683 | D:8      | Found a transporter.
  8683 | D:8      | Noticed Nr616's ghost (novice MiGl)
  8750 | D:8      | Found a radiant altar of Vehumet.
  8969 | D:8      | Reached skill level 10 in Axes
  9092 | Lair:1   | Entered Level 1 of the Lair of Beasts
  9092 | Lair:1   | Noticed a five-headed hydra
  9127 | D:9      | Reached XP level 11. HP: 54/84 MP: 6/18
  9147 | D:9      | Reached skill level 5 in Invocations
  9167 | D:9      | Found a runed translucent door.
  9174 | D:9      | Noticed Uhlv's ghost (novice HuBe)
  9321 | D:9      | Reached skill level 5 in Shields
  9571 | D:9      | Found a deep blue altar of Sif Muna.
  9620 | D:10     | Entered Level 10 of the Dungeon
  9646 | D:10     | Reached ***** piety under Lugonu
  9668 | D:10     | Reached skill level 5 in Spellcasting
  9710 | D:10     | Found a portal to a secret trove of treasure.
 10563 | D:11     | Noticed a two-headed ogre
 10596 | D:11     | Mangled by a two-headed ogre

Skill      XL: |  1  2  3  4  5  6  7  8  9 10 11 |
---------------+----------------------------------+-----
Dodging        | 1 2 3 |  3.2
Axes           | 3 4 5 6 7 9 10 | 10.7
Armour         | 3 4 5 6 7 |  7.4
Fighting       | 4 5 6 7 |  7.6
Stealth        | 1 2 |  2.2
Shields        | 1 3 4 5 |  5.4
Spellcasting   | 3 4 5 |  5.4
Invocations    | 3 4 5 |  5.9
Evocations     | |  0.9

Action                   |  1- 3 |  4- 6 |  7- 9 | 10-12 || total
-------------------------+-------+-------+-------+-------++-------
Melee: Hand axe          |    93 |   209 |    24 |       ||   326
       War axe           |       |       |   298 |   268 ||   566
Invok: Depart the Abyss  |     1 |       |       |       ||     1
       Bend Space        |       |     1 |       |     1 ||     2
       Banish            |       |       |       |     2 ||     2
Evoke: Wand              |       |       |     3 |     2 ||     5
  Use: Potion            |       |     1 |       |       ||     1
       Scroll            |       |     3 |    10 |     1 ||    14
  Eat: Chunk             |       |     5 |    13 |     3 ||    21
       Ration            |       |     1 |       |     2 ||     3
Armor: Scale mail        |    65 |    68 |       |       ||   133
       Chain mail        |       |    56 |   150 |    98 ||   304
Dodge: Dodged            |    58 |   118 |    98 |   101 ||   375
Block: Buckler           |       |       |    90 |    98 ||   188
